 Dungeon Crawl Stone Soup version 0.31-a0-408-gb642c7f9a3 (webtiles) character file.

Game seed: 560988672006900449

8338 Newt the Slicer (level 11, -7/72 HPs)
             Began as a Merfolk Gladiator on July 29, 2023.
             Was a Believer of Dithmenos.
             Killed from afar by a raiju (13 damage)
             ... with a living lightning
             ... on level 2 of the Abyss.
             The game lasted 00:10:52 (10260 turns).

Newt the Slicer (Merfolk Gladiator)                Turns: 10260, Time: 00:10:52

Health: -7/72      AC:  9    Str: 16    XL:     11   Next: 29%
Magic:  11/11      EV: 17    Int:  8    God:    Dithmenos [**....]
Gold:   536        SH:  4    Dex: 21    Spells: 10/10 levels left

rFire   . . .        o - +8 dagger "Myivoata" {venom, Dex+3}
rCold   . . .        (no shield)
rNeg    . . .        q - +0 troll leather armour
rPois   +            p - +2 hat
rElec   .            z - +0 cloak
rCorr   .            v - +1 pair of gloves
SInv    .            (no boots)
Will    .....        r - amulet of magic regeneration
Stlth   +++++++      t - ring of wizardry
HPRegen 1.12/turn    C - ring of poison resistance
MPRegen 0.52/turn

%: wizardry (x1)
@: wreathed by umbra
A: (nimble swimmer 2), mertail, large bone plates 1, frail 1, sense surroundings
1
a: Renounce Religion, Shadow Step


You were on level 2 of the Abyss.
You worshipped Dithmenos.
Dithmenos was pleased with you.
You visited 2 branches of the dungeon, and saw 10 of its levels.
You visited the Abyss 1 time.

You collected 536 gold pieces.

Inventory:

Hand Weapons
 a - a +0 trident
 o - the +8 dagger "Myivoata" (weapon) {venom, Dex+3}
   (You took it off a kobold on level 3 of the Dungeon)

   Dex:       It affects your dexterity (+3).
Missiles
 e - a javelin
Armour
 b - a +0 leather armour
 c - a +1 helmet
 g - a +0 pair of gloves
 m - a +1 helmet
 p - a +2 hat (worn)
 q - a +0 troll leather armour (worn)
 v - a +1 pair of gloves (worn)
 z - a +0 cloak (worn)
Jewellery
 d - a ring of see invisible
 k - a ring of ice
 r - an amulet of magic regeneration (around neck)
 t - a ring of wizardry (left hand)
 u - a ring of ice
 C - a ring of poison resistance (right hand)
Wands
 s - a wand of roots (10)
 w - a wand of mindburst (15)
 x - a wand of quicksilver (10)
Scrolls
 f - a scroll of fog
 i - a scroll of poison
 y - a scroll of enchant armour
 B - a scroll of fear
Potions
 h - a potion of mutation
 j - 2 potions of enlightenment
 l - 5 potions of curing
 n - a potion of magic
 A - a potion of might
Miscellaneous
 D - a condenser vane


   Skills:
 - Level 6.0 Fighting
 - Level 12.0 Short Blades
 - Level 6.5 Polearms
 - Level 2.0 Throwing
 + Level 7.7 Dodging
 - Level 12.0 Stealth
 - Level 5.0 Evocations


You had 10 spell levels left.
You didn't know any spells.
Your spell library contained the following spells:

 Spells                   Type           Power      Damage    Failure   Level
 Apportation              Tloc           0%         N/A       21%         1
 Necrotise                Necr           0%         1d4       21%         1
 Summon Small Mammal      Summ           0%         N/A       21%         1
 Ensorcelled Hibernation  Hex/Ice        0%         N/A       32%         2
 Anguish                  Hex/Necr       0%         N/A       88%         4
 Cause Fear               Hex            0%         N/A       88%         4
 Simulacrum               Ice/Necr       0%         N/A       100%        6
 Enfeeble                 Hex            0%         N/A       100%        7
 Ozocubu's Refrigeration  Ice            0%         4d7       100%        7
 Polar Vortex             Ice            0%         N/A       100%        9


Dungeon Overview and Level Annotations

Branches:
Dungeon (9/15)             Temple (1/1) D:4
   Lair: D:8-11         Orc: D:9-12

Altars:
Ashenzari
Cheibriados
Dithmenos
Elyvilon
Fedhas
Gozag
Kikubaaqudgha
Makhleb
Nemelex Xobeh
Okawaru
Qazlal
Sif Muna
Trog
Uskayaw
Wu Jian
Xom
Yredelemnul
Zin
The Shining One
Lugonu

Shops:
D:2 [:   D:5 (

Annotations:
D:4 3 runed translucent doors, bahustanut's ghost, amateur OpSh


Innate Abilities, Weirdness & Mutations

((You are very nimble when in or above water. (Stealth+, EV+, Speed+++)))
Your lower body shifts to a powerful aquatic tail in water.
You are partially covered in large bone plates. (SH +4)
You are frail. (-10% HP)
You passively map a small area around you.


Message History

Ouch! That really hurt!
* * * LOW HITPOINT WARNING * * *
The hellephant blinks!
The raiju bursts into living lightning!
The living lightning misses you.
The raiju blinks!
You closely miss the raiju.
The raiju is moderately wounded.
The raiju bites you but does no damage. The raiju bites you.
The raiju shocks you!
* * * LOW HITPOINT WARNING * * *
It was a potion of heal wounds.
You feel much better.
The raiju looks more healthy.
The raiju bites you. The raiju shocks you!
* * * LOW HITPOINT WARNING * * *
Unknown command.
You block the raiju's attack.
The hellephant blinks!
A bone dragon comes into view.
The raiju attacks as you move away! The raiju barely misses you.
A large abomination comes into view.
The raiju bursts into living lightning!
The living lightning misses you.
The raiju blinks!
Found four burning altars of Makhleb.
Okay, then.
There is a burning altar of Makhleb here.
You open the door.
The raiju bursts into living lightning!
The living lightning hits you!
* * * LOW HITPOINT WARNING * * *
The raiju blinks!
Found ten altars.
The raiju bursts into living lightning!
The living lightning hits you!
* * * LOW HITPOINT WARNING * * *
The raiju blinks!
There is a burning altar of Makhleb here.
A great orb of eyes comes into view.
The great orb of eyes turns its gaze towards you.
The raiju bursts into living lightning!
The living lightning hits you!
You die...

...........#....
#########.........
.._. #._Dh#......
_..._ #......#....
.._...#._....#...
_..._.'...........
.._...#._..#.##...
_ . _ #...........
.._. #ยง_.@.......
### ###...#.....
....####...
..###.# .. #.. ...
.# ..#. .## ..


You could see a bone dragon and a raiju.

Vanquished Creatures
  A centaur warrior (D:8)
  3 two-headed ogres
  An ugly thing (D:8)
  A cyclops (D:8)
  A faun (shapeshifter) (D:8)
  2 unseen horror zombies (D:8)
  2 trolls (D:9)
  A hornet (D:8)
  Prince Ribbit (D:8)
  A steam dragon (D:9)
  Edmund (D:6)
  4 water moccasins
  An ice beast (D:8)
  A sky beast (D:7)
  2 black bears
  2 ogres (D:5)
  2 centaurs
  A phantom (D:5)
  Blork the orc (D:5)
  2 kobold brigands
  A bullfrog (D:7)
  2 gnoll sergeants
  A scorpion (D:4)
  4 wights (D:9)
  3 killer bees (D:9)
  5 centaur zombies (D:8)
  2 hounds
  A jelly (D:4)
  7 orc priests
  2 gnoll boudas
  9 orc wizards
  Terence (D:2)
  2 iguanas (D:5)
  4 sleepcaps
  2 killer bee zombies (D:8)
  Robin (D:2)
  15 gnolls
  7 adders
  A worm (D:2)
  4 dart slugs
  22 orcs
  6 ball pythons
  8 endoplasms
  5 giant cockroaches
  11 goblins
  12 hobgoblins
  3 jackals (D:1)
  A quokka (D:2)
  4 bats
  2 frilled lizards (D:1)
  16 kobolds
  6 rats
201 creatures vanquished.

Notes
Turn   | Place    | Note
-------+----------+-------------------------------------------
     0 | D:1      | Newt the Merfolk Gladiator began the quest for the Orb.
     0 | D:1      | Reached XP level 1. HP: 16/16 MP: 1/1
    80 | D:1      | Reached XP level 2. HP: 18/23 MP: 2/2
   233 | D:1      | Reached XP level 3. HP: 29/30 MP: 3/3
   668 | D:2      | Noticed Terence
   680 | D:2      | Killed Terence
   681 | D:2      | Reached skill level 5 in Polearms
   681 | D:2      | Reached XP level 4. HP: 17/37 MP: 0/4
  1019 | D:2      | Found Cufis's Armour Shoppe.
  1316 | D:2      | Found Isueng's Book Emporium.
  1572 | D:2      | Noticed Robin
  1623 | D:2      | Killed Robin
  1624 | D:2      | Reached XP level 5. HP: 30/42 MP: 5/5
  1959 | D:3      | Found an opulent altar of Gozag.
  2151 | D:3      | Identified the +8 dagger "Myivoata" {venom, Dex+3}
  2601 | D:4      | Noticed bahustanut's ghost (amateur OpSh)
  2753 | D:4      | Reached skill level 1 in Short Blades
  2793 | D:4      | Found a runed translucent gate.
  2793 | D:4      | Found a runed translucent gate.
  2793 | D:4      | Found a runed translucent gate.
  2804 | D:4      | Found a staircase to the Ecumenical Temple.
  2858 | Temple   | Entered the Ecumenical Temple
  2871 | Temple   | Became a worshipper of Dithmenos the Shadowed
  2909 | D:4      | Reached XP level 6. HP: 34/48 MP: 6/6
  3250 | D:4      | Gained mutation: You are frail. (-10% HP) [potion of
                  | mutation]
  3250 | D:4      | Gained mutation: You are partially covered in large bone
                  | plates. (SH +4) [potion of mutation]
  3250 | D:4      | Gained mutation: You passively map a small area around you.
                  | [potion of mutation]
  3636 | D:5      | Entered Level 5 of the Dungeon
  3706 | D:5      | You fall into a shaft and drop 3 floors!
  3760 | D:8      | Found a bloodstained altar of Trog.
  3760 | D:8      | Noticed an ice beast
  3780 | D:8      | Killed an ice beast
  3783 | D:8      | Reached skill level 5 in Short Blades
  3808 | D:8      | Found a hide-covered altar of Uskayaw.
  3808 | D:8      | Found an ancient bone altar of Kikubaaqudgha.
  3809 | D:8      | Found a shimmering altar of Xom.
  3829 | D:8      | Noticed a hornet
  3838 | D:8      | Killed a hornet
  3839 | D:8      | Reached XP level 7. HP: 21/48 MP: 7/7
  4085 | D:8      | Found a shimmering blue altar of Sif Muna.
  4241 | D:8      | Found a basalt altar of Yredelemnul.
  4301 | D:7      | Reached XP level 8. HP: 47/54 MP: 8/8
  4362 | D:7      | Reached * piety under Dithmenos
  4426 | D:7      | Reached skill level 5 in Dodging
  4457 | D:7      | Found a stormy altar of Qazlal.
  4461 | D:7      | Found a blossoming altar of Fedhas.
  4626 | D:7      | Reached skill level 1 in Stealth
  4849 | D:5      | Found Xuitiov's Weapon Emporium.
  5191 | D:5      | Reached skill level 5 in Stealth
  5384 | D:5      | Reached XP level 9. HP: 58/58 MP: 9/9
  5423 | D:5      | Noticed Blork the orc
  5425 | D:5      | Killed Blork the orc
  5571 | D:5      | Found an ornate altar of the Wu Jian Council.
  5572 | D:5      | Found a glowing golden altar of the Shining One.
  5965 | D:6      | Noticed Edmund
  5972 | D:6      | Reached skill level 1 in Evocations
  6119 | D:6      | Reached ** piety under Dithmenos
  6401 | D:6      | Killed Edmund
  7209 | D:8      | Found a snail-covered altar of Cheibriados.
  7246 | D:8      | Reached skill level 5 in Evocations
  7271 | D:8      | Noticed Prince Ribbit
  7274 | D:8      | Killed Prince Ribbit
  7275 | D:8      | Reached skill level 5 in Fighting
  7301 | D:8      | Noticed a two-headed ogre
  7302 | D:8      | Noticed a cyan ugly thing
  7303 | D:8      | Noticed a centaur warrior
  7313 | D:8      | HP: 3/61 [centaur warrior/arrow (20)]
  7860 | D:8      | Killed a cyan ugly thing
  7861 | D:8      | Reached skill level 10 in Short Blades
  7861 | D:8      | Reached XP level 10. HP: 42/68 MP: 10/10
  8528 | D:8      | Killed a centaur warrior
  8607 | D:8      | Noticed a steelbarb worm
  8610 | D:8      | a steelbarb worm changed into a faun
  8610 | D:8      | Noticed a faun (shapeshifter)
  8622 | D:8      | Killed a faun
  8781 | D:8      | Killed a two-headed ogre
  9060 | D:8      | Noticed a cyclops
  9327 | D:8      | Killed a cyclops
  9328 | D:8      | Reached skill level 10 in Stealth
  9512 | D:9      | Found a broken altar of Ashenzari.
  9605 | D:9      | Reached XP level 11. HP: 60/69 MP: 11/11
  9819 | D:9      | Noticed a two-headed ogre
  9840 | D:9      | Killed a two-headed ogre
 10007 | D:9      | Noticed a two-headed ogre
 10042 | D:9      | Killed a two-headed ogre
 10180 | Abyss:1  | Cast into level 1 of the Abyss (orc wizard)
 10208 | Abyss:2  | Found a corrupted altar of Lugonu.
 10228 | Abyss:2  | Found a corrupted altar of Lugonu.
 10229 | Abyss:2  | Found a corrupted altar of Lugonu.
 10229 | Abyss:2  | Noticed a hellephant
 10229 | Abyss:2  | Found a corrupted altar of Lugonu.
 10236 | Abyss:2  | Noticed a starcursed mass
 10245 | Abyss:2  | Noticed a bone dragon
 10246 | Abyss:2  | Noticed a large abomination
 10252 | Abyss:2  | Found a burning altar of Makhleb.
 10252 | Abyss:2  | Found a burning altar of Makhleb.
 10252 | Abyss:2  | Found a burning altar of Makhleb.
 10252 | Abyss:2  | Found a burning altar of Makhleb.
 10257 | Abyss:2  | Found an ornate altar of the Wu Jian Council.
 10257 | Abyss:2  | Found a blossoming altar of Fedhas.
 10257 | Abyss:2  | Found a hazy altar of Hepliaklqana.
 10257 | Abyss:2  | Found an iron altar of Okawaru.
 10257 | Abyss:2  | Found a white marble altar of Elyvilon.
 10257 | Abyss:2  | Found a shadowy altar of Dithmenos.
 10257 | Abyss:2  | Found a radiant altar of Vehumet.
 10257 | Abyss:2  | Found a glowing silver altar of Zin.
 10257 | Abyss:2  | Found a stormy altar of Qazlal.
 10257 | Abyss:2  | Found a sacrificial altar of Ru.
 10259 | Abyss:2  | Noticed a great orb of eyes
 10260 | Abyss:2  | Killed from afar by a raiju

Illustrated notes

Levels and vault maps discovered:
D:1:      dpeg_arrival_concentric_ovals, layout_rooms, roderic_lattice_a
D:2:      layout_basic, serial_shops, nicolae_shop_just_a_little_nook,
          nicolae_lakefront_shop, dk_noncrumbling_3,
          kennysheep_decorative_pillar, corexii_corridor_pit, uniq_robin,
          uniq_terence
D:3:      layout_basic, grunt_gozag_breadcrumbs
D:4:      layout_basic, minmay_temple_entry_enclosed_plants,
          gammafunk_ghost_split
D:5:      layout_loops_cross, gammafunk_temple_overflow_pools, serial_shops,
          shop, uniq_blork_the_orc
D:6:      nicolae_cairo_tiling_large_dashed, layout_layer_cave,
          chequers_serial_rivers_micro_c, uniq_edmund
D:7:      layout_loops_ring, grunt_temple_overflow_forces_of_nature
D:8:      minmay_blocky_corners, layout_basic, nicolae_yredelemnul_corpse_copse,
          mainiacjoe_overflow_six_doors_small,
          chequers_temple_overflow_statue_of_worship,
          mainiacjoe_overflow_catwalk, uniq_prince_ribbit1
D:9:      layout_roguey, nicolae_ashenzari_panopticon,
          chequers_serial_rivers_micro_e, hangedman_decor_lopped,
          minmay_misc_feat_more_columns, lightli_orcish_oven
Temple:   corrupted_temple
Abyss:2:  base: D:2, base: Temple, hangedman_decor_points, abyss_greek_temple

Skill      XL: |  1  2  3  4  5  6  7  8  9 10 11 |
---------------+----------------------------------+-----
Fighting       | 3 4 6 |  6.0
Polearms       | 5 6 |  6.5
Short Blades   | 3 6 8 9 10 12 | 12.0
Dodging        | 6 7 |  7.7
Stealth        | 6 8 10 12 | 12.0
Evocations     | 5 |  5.0
Throwing       | |  2.0

Action                     |  1- 3 |  4- 6 |  7- 9 | 10-12 || total
---------------------------+-------+-------+-------+-------++-------
  Melee: Trident           |   100 |   122 |       |       ||   222
         Punch             |       |     2 |     4 |     2 ||     8
         Dagger            |       |    47 |   274 |   207 ||   528
  Throw: Throwing net      |     1 |     2 |       |     3 ||     6
    Use: Scroll            |     7 |     2 |     1 |     4 ||    14
         Potion            |       |     5 |       |     2 ||     7
   Stab: Sleeping          |     1 |       |    12 |     1 ||    14
         Held in net/web   |       |     1 |       |     2 ||     3
         Distracted        |       |       |     2 |     1 ||     3
 Armour: Leather armour    |    25 |    42 |    45 |    16 ||   128
         Troll leather arm |       |       |       |    15 ||    15
  Dodge: Dodged            |    68 |    86 |   126 |   142 ||   422
  Block: Other             |       |     3 |    33 |    30 ||    66

Table legend: (Time is in decaauts)
 A = Elapsed time spent in this place.
 B = Non-inter-level travel time spent in this place.
 C = Inter-level travel time spent in this place.
 D = Time resting spent in this place.
 E = Time spent auto-exploring this place.
 F = Levels seen in this place.
 G = Mean time per level.
                   A        B        C        D        E       F      G
               +--------+--------+--------+--------+--------+-----+--------+
         Total |  10036 |   9681 |    355 |   2889 |   5336 |  12 |  836.3 |
       Dungeon |   9933 |   9602 |    331 |   2889 |   5336 |   9 | 1103.7 |
        Temple |     25 |      1 |     24 |      0 |      0 |   1 |   25.0 |
         Abyss |     78 |     78 |      0 |      0 |      0 |   2 |   39.0 |
               +--------+--------+--------+--------+--------+-----+--------+

Top non-repeatable levels by time:
     D:8: 2182 daAuts
     D:7: 1331 daAuts
     D:2: 1260 daAuts
     D:5: 1121 daAuts
     D:4: 1060 daAuts
     D:6: 952 daAuts
     D:9: 725 daAuts
     D:3: 661 daAuts
     D:1: 638 daAuts
 Abyss:2: 51 daAuts
 Abyss:1: 26 daAuts
  Temple: 25 daAuts
